 Dungeon Crawl Stone Soup version 0.31-a0-177-g4aa6249778 (webtiles) character file.

Game seed: 9651328066804345370

919 qw the Chopper (level 8, -1/48 HPs)
             Began as a Gargoyle Fighter on June 18, 2023.
             Slain by an iguana (4 damage)
             ... on level 6 of the Dungeon.
             The game lasted 00:02:04 (3992 turns).

qw the Chopper (Gargoyle Fighter)                   Turns: 3992, Time: 00:02:04

Health: -1/48      AC: 22    Str: 23    XL:     8   Next: 9%
Magic:  8/8        EV:  8    Int:  8    God:
Gold:   202        SH:  4    Dex:  9    Spells: 7/7 levels left

rFire   . . .        Y - +1 war axe
rCold   . . .        c - +0 buckler
rNeg    + . .        l - +0 chain mail
rPois   inf          v - +0 helmet
rElec   +            b - +0 cloak
rCorr   .            x - +0 pair of gloves
SInv    .            k - +2 pair of boots {Fly}
Will    .....        i - amulet of the acrobat Stlth
                     (no ring)
HPRegen 0.28/turn    (no ring)
MPRegen 0.11/turn

%: acrobat
@: flying
A: sickness immunity, AC +5, negative energy resistance 1, electricity
resistance, torment resistance 1, petrification resistance
a: no special abilities


You were on level 6 of the Dungeon.
You visited 1 branch of the dungeon, and saw 6 of its levels.

You collected 202 gold pieces.


Innate Abilities, Weirdness & Mutations

You are immune to sickness and miasma.
Your stone body is resilient. (AC +5)
You are immune to poison.
You resist negative energy. (rN+)
You are resistant to electric shocks. (rElec)
You are resistant to unholy torment.
You are immune to petrification.


   Skills:
 + Level 4.2 Fighting
 - Level 7.2 Axes
 - Level 1.5 Throwing
 - Level 4.4 Armour
 - Level 1.3 Dodging
 - Level 3.2 Shields


You had 7 spell levels left.
You didn't know any spells.
Your spell library was empty.

Inventory:

Hand Weapons
 p - a +0 flail
 Y - a +1 war axe (weapon)
Missiles
 j - 3 silver boomerangs (quivered)
 r - 5 boomerangs
Armour
 b - a +0 cloak (worn)
 c - a +0 buckler (worn)
 k - a +2 pair of boots of flying (worn)
 l - a +0 chain mail (worn)
 v - a +0 helmet (worn)
 x - a +0 pair of gloves (worn)
Jewellery
 i - an amulet of the acrobat (around neck)
Scrolls
 u - a scroll of identify
Potions
 a - a potion of mutation
 d - 3 potions of might
 e - a potion of curing
 f - a potion of lignification {unknown}
 g - a potion of invisibility {unknown}
 m - a potion of enlightenment {unknown}
 n - a potion of haste
 o - a potion of brilliance {unknown}
 q - a potion of attraction {unknown}
 s - a potion of resistance {unknown}
 t - a potion of cancellation {unknown}

Dungeon Overview and Level Annotations

Branches:
Dungeon (6/15)
 Temple: D:4-7

Altars:
Cheibriados
Hepliaklqana
Qazlal
Wu Jian

Shops:
D:2 =

Annotations:
D:2 1 runed translucent door, Crazy Yiuf


Message History

The hornet stings you but does no damage.
You block the hornet's attack.
You miss the hornet.
The hornet is heavily wounded.
The hornet stings you but does no damage. x2
You hit the hornet.
The hornet is severely wounded.
The hornet stings you.
You completely miss the hornet.
The hornet is severely wounded.
You block the hornet's attack. The hornet stings you!
You barely miss the hornet.
The hornet is severely wounded.
The hornet barely misses you. The hornet stings you.
You hit the hornet.
The hornet is almost dead.
The hornet stings you but does no damage.
The hornet stings you.
You barely miss the hornet.
The hornet is almost dead.
The hornet barely misses you.
You slash the hornet!
You kill the hornet!
The iguana bites you.
Your Axes skill increases to level 7!
You have reached level 8!
You feel stronger.
You hit the iguana but do no damage. The iguana bites you.
You closely miss the iguana.
The iguana bites you but does no damage.
You hit the iguana.
The iguana is lightly wounded.
The iguana bites you but does no damage.
You hit the iguana.
The iguana is lightly wounded.
You block the iguana's attack.
You closely miss the iguana.
The iguana is lightly wounded.
The iguana bites you.
You die...

. #.# ### #. #.#
#.. #.##.# #.#
#..#.# #.#
#.###...#####.##
#)............<#
#######..%####.#
...<...#.## #.#
....#..#@.# #.#
### #..##l.##.#
.... .....#
#..## #.#### #..
.. ##. ... ....
#.#.


You could see an iguana.

Vanquished Creatures
  A hornet (D:6)
  A black bear (D:5)
  2 bullfrogs (D:6)
  2 scorpions
  3 orc priests (D:4)
  Terence (D:2)
  4 orc wizards
  5 adders
  A worm (D:3)
  2 dart slugs
  16 orcs
  7 ball pythons
  4 bats
  11 endoplasms
  3 giant cockroaches
  12 goblins
  9 hobgoblins
  4 jackals
  8 quokkas
  4 frilled lizards
  8 kobolds
  7 rats
115 creatures vanquished.

Notes
Turn   | Place    | Note
-------+----------+-------------------------------------------
     0 | D:1      | qw the Gargoyle Fighter began the quest for the Orb.
     0 | D:1      | Reached XP level 1. HP: 14/14 MP: 1/1
     0 | D:1      | 0 ||| qw: Version: 0.3-a-5-g6f28e65
     0 | D:1      | 0 ||| qw: Game counter: 611
     0 | D:1      | 0 ||| qw: Always use a shield: true
     0 | D:1      | 0 ||| qw: God list: Okawaru
     0 | D:1      | 0 ||| qw: Allow faded altars: false
     0 | D:1      | 0 ||| qw: Do Orc after D:15 true
     0 | D:1      | 0 ||| qw: Do second Lair branch before Depths: true
     0 | D:1      | 0 ||| qw: Lair rune preference: random
     0 | D:1      | 0 ||| qw: Plans: Normal, Zot:1-4, Slime:5, God:TSO, Crypt,
                  | Tomb, Abyss, Pan, Hells, Win
     0 | D:1      | 0 ||| PLANNING D:1-11
    38 | D:1      | Reached skill level 2 in Axes
   106 | D:1      | Reached XP level 2. HP: 17/19 MP: 2/2
   523 | D:1      | 523 ||| DROPPING +0 club.
   549 | D:1      | Reached skill level 3 in Axes
   559 | D:1      | Reached XP level 3. HP: 18/23 MP: 3/3
   949 | D:1      | 949 ||| UPGRADING to amulet of the acrobat.
   954 | D:1      | 954 ||| READING scroll labelled QEIKKO AJORUGG.
   968 | D:1      | 968 ||| DRINKING 2 lumpy pink potions.
   999 | D:2      | 999 ||| Stepping ~*~*~tactically~*~*~ (stealth).
  1002 | D:2      | 1002 ||| Stepping ~*~*~tactically~*~*~ (stealth).
  1030 | D:2      | Reached XP level 4. HP: 28/28 MP: 4/4
  1148 | D:2      | Found a runed translucent door.
  1149 | D:2      | Noticed Crazy Yiuf
  1179 | D:2      | 1179 ||| Stepping ~*~*~tactically~*~*~ (stealth).
  1229 | D:2      | Reached skill level 4 in Axes
  1262 | D:2      | Found Eryel's Jewellery Shop.
  1267 | D:2      | 1267 ||| SHOPLISTING +4 ring of protection (432 gold, have
                  | 49).
  1267 | D:2      | 1267 ||| SHOPLISTING brooch of Shielding {Spirit SH+8} (780
                  | gold, have 49).
  1267 | D:2      | 1267 ||| SHOPLISTING ring of resist corrosion (240 gold,
                  | have 49).
  1340 | D:2      | Found a snail-covered altar of Cheibriados.
  1472 | D:2      | Noticed Terence
  1479 | D:2      | Killed Terence
  1480 | D:2      | Reached XP level 5. HP: 20/32 MP: 5/5
  1840 | D:2      | 1840 ||| UPGRADING to +0 chain mail.
  1850 | D:2      | 1850 ||| DROPPING +0 scale mail.
  1851 | D:2      | 1851 ||| READING scroll labelled LYIMUW LOEGUK.
  1852 | D:2      | 1852 ||| READING scroll labelled TYPI HUGUFOLO.
  1853 | D:2      | 1853 ||| READING scroll labelled RUCVETUKLI.
  2189 | D:3      | 2189 ||| DRINKING 2 potions of curing.
  2189 | D:3      | 2189 ||| (to cure confusion)
  2193 | D:3      | Reached skill level 5 in Axes
  2436 | D:3      | 2436 ||| UPGRADING to +0 cloak.
  2441 | D:3      | 2441 ||| UPGRADING to +2 pair of boots of flying.
  2446 | D:3      | 2446 ||| READING scroll labelled ASISUC REFEOL.
  2447 | D:3      | 2447 ||| READING scroll labelled NEDIPN US XELL.
  2541 | D:4      | Reached skill level 1 in Throwing
  2555 | D:4      | Reached XP level 6. HP: 12/38 MP: 6/6
  2654 | D:4      | 2654 ||| DROPPING +0 whip.
  2789 | D:4      | 2789 ||| Stepping ~*~*~tactically~*~*~ (hiding).
  2818 | D:4      | 2818 ||| Stepping ~*~*~tactically~*~*~ (stealth).
  2832 | D:4      | 2832 ||| FLEEEEING.
  2833 | D:4      | 2833 ||| FLEEEEING.
  2834 | D:4      | 2834 ||| FLEEEEING.
  2836 | D:4      | 2836 ||| FLEEEEING.
  2837 | D:4      | 2837 ||| FLEEEEING.
  2838 | D:4      | 2838 ||| FLEEEEING.
  2840 | D:4      | 2840 ||| FLEEEEING.
  2853 | D:4      | 2853 ||| Stepping ~*~*~tactically~*~*~ (hiding).
  2855 | D:4      | 2855 ||| Stepping ~*~*~tactically~*~*~ (hiding).
  2873 | D:4      | 2873 ||| Stepping ~*~*~tactically~*~*~ (stealth).
  2874 | D:4      | 2874 ||| Stepping ~*~*~tactically~*~*~ (stealth).
  2876 | D:4      | 2876 ||| Stepping ~*~*~tactically~*~*~ (stealth).
  2878 | D:4      | 2878 ||| Stepping ~*~*~tactically~*~*~ (hiding).
  3013 | D:4      | Found a stormy altar of Qazlal.
  3354 | D:4      | 3354 ||| UPGRADING to +0 helmet.
  3359 | D:4      | 3359 ||| READING scroll labelled OLYTOS SANKET.
  3363 | D:4      | 3363 ||| READING 2 scrolls of identify.
  3363 | D:4      | 3363 ||| IDENTIFYING metallic inky potion
  3394 | D:5      | Entered Level 5 of the Dungeon
  3426 | D:5      | Noticed a black bear
  3433 | D:5      | Killed a black bear
  3434 | D:5      | Reached skill level 6 in Axes
  3434 | D:5      | Reached XP level 7. HP: 43/43 MP: 7/7
  3455 | D:5      | Found a hazy altar of Hepliaklqana.
  3723 | D:5      | Reached skill level 1 in Dodging
  3819 | D:5      | Found an ornate altar of the Wu Jian Council.
  3908 | D:5      | 3908 ||| UPGRADING to +0 pair of gloves.
  3913 | D:5      | 3913 ||| READING scroll labelled ATOMNO MAKU.
  3914 | D:5      | 3914 ||| READING scroll labelled CEIXZUNLES.
  3968 | D:6      | Noticed a hornet
  3983 | D:6      | HP: 10/43 [hornet (9)]
  3985 | D:6      | HP: 4/43 [hornet (4)]
  3987 | D:6      | Killed a hornet
  3988 | D:6      | Reached skill level 7 in Axes
  3988 | D:6      | Reached XP level 8. HP: 4/48 MP: 8/8
  3992 | D:6      | Slain by an iguana

Levels and vault maps discovered:
D:1:      zaba_arrival_water, layout_basic
D:2:      layout_basic, basic_altar, serial_shops, shop,
          uniq_crazy_yiuf_cottage, uniq_terence
D:3:      minmay_door_path, layout_rooms
D:4:      layout_basic, mainiacjoe_overflow_tiny_flanked
D:5:      layout_rooms, mainiacjoe_overflow_small_starburst,
          pdpol_wu_jian_five_deadly_venoms
D:6:      layout_basic, grunt_temple_overflow_open

Skill      XL: |  1  2  3  4  5  6  7 |
---------------+----------------------+-----
Axes           | 2 3 4 5 6 7 |  7.2
Throwing       | 1 |  1.5
Fighting       | 4 |  4.2
Dodging        | 1 |  1.3
Armour         | 4 |  4.4
Shields        | |  3.2

Action                     |  1- 3 |  4- 6 |  7- 9 || total
---------------------------+-------+-------+-------++-------
  Melee: War axe           |   113 |   146 |    68 ||   327
  Throw: Boomerang         |     3 |    96 |    12 ||   111
    Use: Scroll            |     1 |     7 |     2 ||    10
         Potion            |     1 |     1 |       ||     2
 Armour: Scale mail        |    51 |    27 |       ||    78
         Chain mail        |       |    54 |    51 ||   105
  Dodge: Dodged            |    48 |    47 |    19 ||   114
  Block: Buckler           |    28 |    25 |    16 ||    69

Table legend:
 A = Non-vault XP
 B = Vault XP
 C = Vault XP percentage of total XP
 D = Non-vault monster count
 E = Vault monster count
 F = Vault count percentage of total count
                 A         B        C        D         E       F
            +---------+---------+-------+---------+---------+-------
      Total |    1275 |      38 |   2.9 |     112 |       3 |   2.6
            +---------+---------+-------+---------+---------+-------
        D:1 |      50 |       0 |   0.0 |      29 |       0 |   0.0
        D:2 |      86 |      36 |  29.5 |      24 |       1 |   4.0
        D:3 |      76 |       2 |   2.6 |      14 |       2 |  12.5
        D:4 |     295 |       0 |   0.0 |      34 |       0 |   0.0
        D:5 |     226 |       0 |   0.0 |       7 |       0 |   0.0
        D:6 |     542 |       0 |   0.0 |       4 |       0 |   0.0
            +---------+---------+-------+---------+---------+-------
